Map: 2000 Atmospheres LE

Players

Clem - Winner!

  • Race: Terran Terran

Serral

  • Race: Zerg Zerg

Event: DreamHack SC2 Masters 2021 Fall

VOD

Have the link to the VOD?

Description

Time

  • Played on: Aug. 15, 2021, 1:48 p.m.
  • Length: 9:19

All games in this series

Show
View Real Time Build Order
Export as new Build Order

Clem Terran - Winner!

Build Orders: Hellion Opening, Reaper Expand 

Get SALT Encoding   

  12  0:00  SCV  
  13  0:12  SCV  
  14  0:16  Supply Depot  
  14  0:24  SCV  
  15  0:38  SCV  
  15  0:39  Barracks  
  16  0:44  Refinery  
  16  0:50  SCV  
  17  1:02  SCV  
  18  1:14  SCV  
  19  1:26  Reaper, Orbital Command  
  20  1:39  Command Center  
  20  1:46  Supply Depot  
  20  1:52  SCV  
  21  1:58  Marine  
  22  2:04  SCV  
  23  2:08  Factory  
  23  2:16  SCV  
  23  2:21  Barracks Reactor  
  24  2:28  SCV  
  25  2:38  Command Center  
  25  2:43  SCV  
  26  2:51  Orbital Command  
  26  2:55  SCV  
  27  2:59  Starport  
  27  3:03  Refinery  
  27  3:07  SCV  
  27  3:10  Hellion  
  30  3:13  Hellion  
  30  3:16  Barracks Tech Lab  
  30  3:18  SCV  
  33  3:20  SCV  
  34  3:30  SCV  
  34  3:31  Hellion  
  34  3:32  SCV  
  38  3:35  Hellion  
  40  3:42  SCV  
  40  3:44  SCV  
  40  3:47  Marine  
  43  3:50  Orbital Command  
  43  3:54  SCV  
  44  3:56  Raven, SCV  
  44  3:58  Hellion x2  
  51  4:04  Supply Depot  
  51  4:05  Barracks Tech Lab  
  51  4:06  SCV  
  51  4:08  SCV  
  53  4:17  SCV  
  53  4:18  SCV  
  53  4:19  Hellion x2  
  53  4:20  SCV  
  60  4:28  Supply Depot  
  60  4:29  SCV  
  60  4:30  SCV  
  62  4:32  Stimpack  
  62  4:34  SCV  
  62  4:37  Barracks  
  63  4:41  Hellion x2  
  63  4:42  Barracks  
  67  4:46  SCV  
  67  4:47  Refinery, SCV  
  67  4:48  Refinery  
  67  4:50  SCV  
  67  4:52  Marine  
  70  4:53  Starport Reactor  
  70  4:56  Supply Depot  
  70  4:58  SCV  
  70  4:59  SCV  
  72  5:06  Orbital Command, Engineering Bay x2  
  73  5:10  SCV  
  73  5:12  Marine  
  73  5:14  SCV  
  75  5:15  Barracks x2  
  75  5:22  SCV  
  78  5:28  Widow Mine  
  78  5:29  SCV, Widow Mine  
  78  5:30  Marine  
  78  5:31  Barracks Reactor  
  78  5:32  SCV  
  78  5:34  Barracks Reactor, Terran Infantry Armor Level 1, Terran Infantry Weapons Level 1  
  83  5:37  SCV  
  83  5:40  Supply Depot  
  83  5:42  SCV  
  85  5:47  Supply Depot  
  85  5:55  Marine, SCV x3  
  81  6:03  Barracks Reactor x2  
  77  6:04  Widow Mine x2  
  77  6:05  Medivac x2  
  77  6:07  SCV x2  
  77  6:08  SCV  
  77  6:09  Supply Depot  
  88  6:11  Marine  
  88  6:12  Marine x2  
  88  6:13  Marine  
  88  6:14  Marine  
  93  6:19  SCV x2  
  93  6:20  SCV  
  93  6:22  Supply Depot  
  93  6:23  Combat Shield  
  96  6:28  Widow Mine x2, Factory  
  96  6:29  Marine  
  96  6:30  Marine  
  96  6:31  Marine, SCV x2  
  96  6:32  SCV  
  106  6:36  Supply Depot x2  
  106  6:37  Marine, Refinery  
  107  6:41  Marine x2  
  107  6:44  Marine x3, SCV, Medivac  
  107  6:46  SCV  
  117  6:48  Marine  
  117  6:55  Supply Depot  
  117  6:57  Marine x2, Medivac  
  117  6:58  Supply Depot  
  117  7:00  Command Center  
  121  7:03  Widow Mine x2  
  121  7:07  Marine  
  126  7:10  Marine  
  126  7:13  Supply Depot, Widow Mine  
  126  7:14  Medivac  
  126  7:15  Marine, Armory  
  132  7:17  Marine x2  
  132  7:23  Marine  
  132  7:25  Supply Depot  
  132  7:26  Marine x2, Widow Mine  
  132  7:27  Medivac  
  132  7:28  Marine  
  132  7:29  Marine x2  
  128  7:33  Marine, Widow Mine  
  128  7:34  Marine  
  128  7:35  Marine, Widow Mine  
  136  7:39  Refinery  
  136  7:41  Marine  
  136  7:42  Missile Turret x2  
  136  7:43  Marine, SCV  
  136  7:44  Marine  
  136  7:47  SCV  
  136  7:49  Marine x2, SCV, Widow Mine  
  136  7:51  Marine  
  141  7:55  Marine, SCV  
  141  7:57  Missile Turret  
  141  7:58  Marine x2  
  144  8:02  SCV  
  144  8:05  Marine, Widow Mine x2  
  151  8:07  Supply Depot  
  151  8:08  Marine x2  
  151  8:10  SCV  
  153  8:13  Supply Depot  
  153  8:16  Widow Mine  
  155  8:24  Missile Turret  
  155  8:29  Marine  
  156  8:36  Supply Depot  
  156  8:37  SCV x2  
  156  8:38  Marine x2, Widow Mine  
  157  8:43  SCV  
  153  8:49  SCV  
  153  8:50  Widow Mine  
  153  8:53  Widow Mine  
  153  8:54  Marine  
  153  8:55  SCV  
  158  8:56  Marine x2  
  158  8:59  Marine x2  
Show
View Real Time Build Order
Export as new Build Order

Serral Zerg 

Build Orders: Hatch First, Muta Ling Bane 

Get SALT Encoding   

  12  0:00  Drone  
  13  0:12  Overlord  
  13  0:16  Drone  
  14  0:31  Drone x2  
  16  0:47  Hatchery  
  15  0:50  Drone  
  15  0:54  Drone  
  17  0:57  Drone  
  18  1:07  Extractor  
  17  1:12  Spawning Pool  
  17  1:16  Drone  
  17  1:19  Drone  
  18  1:28  Drone  
  19  1:39  Drone  
  20  1:49  Drone  
  21  1:58  Queen  
  21  1:59  Queen  
  21  2:00  Zergling x4  
  27  2:11  Zergling x2  
  27  2:13  Overlord  
  28  2:21  Hatchery  
  27  2:24  Drone  
  29  2:37  Drone x3  
  29  2:39  Metabolic Boost  
  31  2:45  Queen  
  33  2:51  Overlord  
  33  2:53  Drone  
  33  2:55  Drone  
  33  2:58  Drone  
  36  3:03  Overlord  
  36  3:10  Drone x3  
  38  3:13  Drone  
  38  3:14  Drone  
  38  3:19  Queen  
  42  3:22  Drone  
  43  3:28  Queen  
  43  3:33  Queen  
  47  3:37  Drone  
  47  3:41  Drone x2, Overlord  
  50  3:43  Drone  
  50  3:46  Zergling x2  
  50  3:47  Drone  
  53  3:50  Overlord  
  53  3:51  Drone  
  53  3:54  Drone  
  53  3:55  Drone  
  56  4:00  Zergling x2  
  56  4:02  Overlord  
  57  4:04  Drone x3  
  57  4:06  Drone  
  57  4:07  Drone  
  62  4:12  Overlord  
  62  4:13  Zergling x4  
  62  4:15  Drone  
  65  4:18  Queen  
  65  4:22  Drone x2  
  69  4:28  Lair  
  69  4:32  Extractor  
  69  4:33  Drone x2  
  69  4:35  Drone  
  69  4:36  Baneling Nest  
  69  4:38  Drone  
  71  4:41  Zergling x2  
  71  4:43  Zergling x2  
  71  4:44  Drone x3  
  76  4:48  Drone x4  
  80  4:53  Zergling x2  
  80  4:58  Extractor x2, Spore Crawler  
  80  4:59  Spore Crawler  
  77  5:02  Spore Crawler, Drone x2  
  77  5:04  Extractor x2  
  78  5:09  Zergling x6  
  81  5:14  Overlord  
  81  5:15  Drone x5  
  81  5:20  Baneling x2  
  86  5:22  Zergling x4  
  88  5:29  Drone, Spire  
  88  5:30  Drone  
  88  5:34  Overlord  
  88  5:35  Drone x4  
  93  5:39  Hatchery  
  93  5:41  Drone  
  93  5:42  Overlord  
  93  5:43  Drone x2  
  93  5:46  Drone x3  
  93  5:47  Overlord  
  93  5:49  Centrifical Hooks  
  98  5:55  Queen  
  90  5:58  Zergling x8  
  93  6:06  Zergling x4  
  93  6:08  Overlord  
  93  6:10  Zergling x8  
  93  6:11  Zergling x4  
  101  6:14  Baneling x7  
  101  6:15  Zergling x2, Baneling  
  101  6:18  Overlord  
  102  6:19  Zergling x6  
  102  6:22  Zergling x2  
  106  6:41  Overlord  
  106  6:42  Overseer  
  106  6:46  Hatchery, Mutalisk x7  
  119  6:47  Mutalisk  
  119  6:50  Mutalisk  
  123  6:55  Evolution Chamber  
  123  6:56  Zerg Flyer Weapons Level 1  
  123  6:59  Queen, Evolution Chamber  
  123  7:02  Baneling x4  
  123  7:06  Zergling x14  
  123  7:07  Baneling x2  
  129  7:13  Zergling x10  
  132  7:26  Zergling x22  
  134  7:34  Pneumatized Carapace  
  134  7:38  Baneling  
  134  7:40  Baneling, Drone x4  
  134  7:44  Drone  
  138  7:52  Drone  
  138  7:53  Drone x6  
  138  7:55  Burrow  
  138  7:57  Queen  
  147  8:02  Drone  
  147  8:03  Drone x4  
  147  8:04  Overlord  
  152  8:08  Mutalisk x2  
  156  8:13  Extractor  
  156  8:14  Spore Crawler, Drone x2  
  156  8:19  Baneling x8  
  157  8:20  Zergling x4  
  157  8:22  Overlord x4  
  158  8:28  Baneling x5  
  158  8:30  Overseer  
  158  8:38  Zergling x18  
  162  8:41  Baneling x7  
  162  8:46  Zergling x4  
  162  8:47  Zergling x16  
  160  8:52  Baneling x2  
  149  8:56  Zergling x18  

Tags
 
Add a new tag
Caveats
  • Supply blocks, unpowered buildings, or Contaminate may cause inaccurate times.
  • Supply counts are checked every 10 seconds.